 Dungeon Crawl Stone Soup version 0.29.0-10-g45618ea6d2 (webtiles) character file.

Game seed: 274707423242804760

70 smilodon the Trooper (level 4, -1/35 HPs)
             Began as a Demonspawn Fighter on Sept 2, 2022.
             Succumbed to a gnoll's poison
             ... on level 2 of the Dungeon.
             The game lasted 00:02:39 (1129 turns).

smilodon the Trooper (Demonspawn Fighter)           Turns: 1129, Time: 00:02:39

Health: -1/35      AC:  6    Str: 18    XL:     4   Next: 3%
Magic:  4/4        EV:  9    Int:  9    God:
Gold:   89         SH:  0    Dex: 13    Spells: 3/3 levels left

rFire   . . .      SeeInvis .   g - +1 dagger (drain)
rCold   . . .      Faith    .   (no shield)
rNeg    . . .      Spirit   .   l - +0 scale mail
rPois   .          Reflect  .   (no helmet)
rElec   .          Harm     .   (no cloak)
rCorr   .          Rampage  .   (no gloves)
Will    .....                   (no boots)
Stlth   ..........              j - amulet of regeneration
HPRegen 0.91/turn               (no ring)
MPRegen 0.09/turn               (no ring)

@: lethally poisoned (-1 -> -5)
A: ignite blood 2, demonic touch 1
a: no special abilities


You were on level 2 of the Dungeon.
You visited 1 branch of the dungeon, and saw 2 of its levels.

You collected 89 gold pieces.

Inventory:

Hand Weapons
 a - a +0 war axe
 g - a +1 dagger of draining (weapon)
Missiles
 h - 4 silver javelins (quivered)
Armour
 b - a +0 scale mail
 l - a +0 scale mail (worn)
Jewellery
 j - an amulet of regeneration (around neck)
Scrolls
 c - a scroll of identify
 f - a scroll of amnesia
Potions
 d - a potion of might
 e - a potion of haste


   Skills:
 * Level 3.5 Fighting
 * Level 1.5 Short Blades
 - Level 2.0 Axes
 + Level 3.1 Armour
 + Level 0.7 Dodging
 - Level 2.8 Shields


You had 3 spell levels left.
You didn't know any spells.
Your spell library contained the following spells:

 Spells                   Type           Power      Damage    Failure   Level
 Sublimation of Blood     Necr           0%         N/A       88%         2
 Wereblood                Tmut           0%         N/A       88%         2
 Summon Hydra             Summ           0%         N/A       100%        7


Dungeon Overview and Level Annotations

Branches:
Dungeon (2/15)

Altars:

Shops:
D:2 *


Innate Abilities, Weirdness & Mutations

Your demonic aura often causes spilled blood to erupt in flames.
Your touch may inflict minor irresistible damage on your foes.


Message History

You kill the frilled lizard!
No target in view!
No target in view!
No target in view!
No target in view!
A gnoll comes into view. It is wielding a +0 halberd.
The gnoll shouts!
You hear a shout!
A gnoll is nearby!
The gnoll barely misses you.
A gnoll comes into view. It is wielding a +0 halberd.
The gnoll shouts!
You hit the gnoll.
The gnoll is lightly wounded.
The gnoll barely misses you.
You barely miss the gnoll.
The gnoll is lightly wounded.
The gnoll hits you with a +0 halberd!
A gnoll comes into view. It is wielding a +2 halberd of venom.
You hit the gnoll.
The gnoll is moderately wounded.
The gnoll hits you with a +0 halberd.
You hit the gnoll. You drain the gnoll.
You kill the gnoll!
You have reached level 4!
You feel agile.
Your demonic ancestry asserts itself...
Your blood runs red-hot!
The gnoll hits you from afar with a +0 halberd!
You see here a +0 halberd.
The gnoll hits you from afar with a +2 halberd of venom!
You are poisoned.
The gnoll hits you with a +0 halberd!
* * * LOW HITPOINT WARNING * * *
You are too injured to fight recklessly!
* * * LOW HITPOINT WARNING * * *
You feel very sick. The gnoll barely misses you.
You see here a +0 halberd.
Okay, then.
Okay, then.
You die...

###
##############.##
#...............#
#.############.##
#.# #.# #.# #@#
###.# #)# ....#
#○# ##### #g# .
.g# # ...# ....#
#'#... # #.#...


You could see 2 gnolls.

Vanquished Creatures
  A gnoll (D:2)
  An adder (D:2)
  4 dart slugs
  2 ball pythons (D:1)
  An endoplasm (D:2)
  2 giant cockroaches (D:2)
  2 goblins (D:1)
  A hobgoblin (D:1)
  13 jackals
  A quokka (D:1)
  4 bats
  3 frilled lizards
  3 kobolds
  2 rats (D:1)
40 creatures vanquished.

Notes
Turn   | Place    | Note
-------+----------+-------------------------------------------
     0 | D:1      | smilodon the Demonspawn Fighter began the quest for the
                  | Orb.
     0 | D:1      | Reached XP level 1. HP: 18/18 MP: 1/1
    72 | D:1      | Gained mutation: Your demonic aura sometimes causes spilled
                  | blood to erupt in flames. [demonic ancestry]
    72 | D:1      | Reached XP level 2. HP: 10/22 MP: 2/2
   762 | D:2      | Gained mutation: Your touch may inflict minor irresistible
                  | damage on your foes. [demonic ancestry]
   762 | D:2      | Reached XP level 3. HP: 29/29 MP: 3/3
   815 | D:2      | Found Faitewni's Assorted Antiques.
   851 | D:2      | Reached skill level 1 in Short Blades
  1126 | D:2      | Gained mutation: Your demonic aura often causes spilled
                  | blood to erupt in flames. [demonic ancestry]
  1126 | D:2      | Reached XP level 4. HP: 26/35 MP: 4/4
  1129 | D:2      | Succumbed to a gnoll's poison

Illustrated notes

Levels and vault maps discovered:
D:1:      spicycebolla_arrival_clurvy, layout_rooms, minivault_14,
          minmay_quantized
D:2:      layout_basic, serial_shops, nicolae_shop_statue_plus, minmay_rat_hole

Skill      XL: |  1  2  3 |
---------------+----------+-----
Axes           | 2 |  2.0
Armour         | 3 |  3.1
Short Blades   | 1 |  1.5
Fighting       | |  3.5
Dodging        | |  0.7
Shields        | |  2.8

Action                   |  1- 3 |  4- 6 || total
-------------------------+-------+-------++-------
Melee: War axe           |    28 |       ||    28
       Dagger            |    84 |       ||    84
       Touch             |     3 |       ||     3
  Use: Scroll            |     4 |       ||     4
       Potion            |     2 |       ||     2
Armor: Scale mail        |    60 |       ||    60
Dodge: Dodged            |    42 |     1 ||    43
Block: Buckler           |    14 |       ||    14
